AoeStats
← Red Calypso

Arena

507086039Analyzed
4v4 RM · 16d ago on Sep 16, 2026· 37m 49s· 8 players
Game mode
Random Map
Map size
Large (8 player)
Population
200
Speed
Normal
Resources
Standard
Victory
Conquest
Starting age
Dark Age
Ending age
Imperial Age
RankedLock teamsTeams togetherTeam positionsShared explorationLock speedFull tech treeHidden civsTurbo modeCheats
Victory
Defeat
🇩🇪 Tupi · Germany
1426
+16
🇦🇹 Franks · Austria
1412
+16
🇩🇪 Turks · Germany
1386
+17
🇮🇹 Magyars · Italy
1264
+22
🇵🇪 Poles · Peru
1462
-20
🇮🇳 Khitans · India
1427
-18
🇫🇷 Inca · France
1402
-17
🇹🇼 Ethiopians · Taiwan
1379
-16
Jambonbeurre
10:13 Feudal Age
14:21 Castle Age
13:48 Double-Bit Axe
15:29 Horse Collar
16:03 Bow Saw
18:36 Horse Collar
21:30 Wheelbarrow
22:45 Gold Mining
27:07 Loom
27:58 Hand Cart
31:55 Imperial Age
28:58 Crossbowman
30:17 Thumb Ring
31:00 Gold Shaft Mining
30:32 Stone Mining
30:43 Heavy Plow
31:10 Fletching
32:10 Bodkin Arrow
33:25 Bracer
33:49 Ballistics
33:37 Padded Archer Armor
35:10 Leather Archer Armor
36:29 Chemistry
35:40 Arbalester
38:11 Ring Archer Armor
XxBuzzXx
8:58 Loom
11:15 Feudal Age
15:15 Castle Age
13:21 Double-Bit Axe
13:36 Domestication
14:44 Gold Mining
14:48 Stone Mining
18:32 Bow Saw
18:28 Pastoralism
21:43 Scale Mail Armor
22:18 Forging
23:25 Squires
24:25 Lamellar Armor
27:13 Chain Mail Armor
28:52 Iron Casting
34:52 Wheelbarrow
CROVERS
8:28 Feudal Age
10:04 Loom
14:54 Fletching
21:42 Castle Age
19:57 Double-Bit Axe
20:42 Horse Collar
24:49 Szlachta Privileges
27:54 Bloodlines
27:44 Husbandry
28:00 Forging
31:46 Wheelbarrow
32:28 Iron Casting
31:59 Scale Barding Armor
35:50 Imperial Age
33:40 Gold Mining
34:08 Hand Cart
34:43 Chain Barding Armor
35:02 Heavy Plow
36:52 Conscription
35:54 Cavalier
37:36 Blast Furnace
野豬騎士來囉
10:25 Feudal Age
14:57 Castle Age
12:46 Double-Bit Axe
14:02 Horse Collar
16:31 Bow Saw
20:33 Heavy Plow
21:48 Wheelbarrow
23:18 Hand Cart
28:37 Imperial Age
25:54 Loom
26:54 Scale Mail Armor
27:04 Forging
26:45 Fletching
26:55 Padded Archer Armor
27:56 Chain Mail Armor
27:52 Gold Mining
28:14 Squires
28:00 Arson
29:17 Iron Casting
28:41 Elite Skirmisher
29:28 Thumb Ring
28:47 Halberdier
29:51 Bodkin Arrow
31:50 Chemistry
31:11 Ballistics
32:27 Two-Man Saw
32:53 Blast Furnace
32:25 Plate Mail Armor
32:47 Bracer
33:03 Leather Archer Armor
33:32 Crossbowman
Red Calypso
9:08 Loom
11:01 Feudal Age
15:08 Fletching
20:16 Double-Bit Axe
21:57 Wheelbarrow
21:55 Town Watch
22:46 Wheelbarrow
26:03 Castle Age
24:27 Gold Mining
24:27 Stone Mining
27:57 Bow Saw
31:08 Imperial Age
30:53 Scale Mail Armor
31:04 Forging
34:49 Iron Casting
34:31 Squires
34:59 Pikeman
LukasPlanet
12:53 Feudal Age
13:31 Double-Bit Axe
13:37 Gold Mining
13:52 Gold Mining
16:24 Castle Age
20:36 Imperial Age
18:37 Padded Archer Armor
19:50 Leather Archer Armor
25:39 Loom
30:50 Horse Collar
34:06 Heavy Plow
36:31 Wheelbarrow
36:33 Gold Shaft Mining
36:14 Bow Saw
37:16 Wheelbarrow
38:40 Hand Cart
Dagoth_Ur
11:43 Feudal Age
15:48 Castle Age
14:11 Double-Bit Axe
14:08 Horse Collar
20:52 Bow Saw
21:58 Scale Barding Armor
22:37 Gold Mining
24:09 Bloodlines
23:59 Husbandry
31:49 Loom
35:01 Chain Barding Armor
35:40 Wheelbarrow
37:53 Heavy Plow
37:39 Light Cavalry
Dekodie
11:27 Feudal Age
15:28 Castle Age
13:29 Double-Bit Axe
14:27 Horse Collar
17:02 Bow Saw
18:42 Loom
20:10 Gold Mining
21:10 Fletching
21:55 Bodkin Arrow
22:50 Padded Archer Armor
30:40 Imperial Age
29:46 Gold Shaft Mining
30:06 Stone Mining
31:07 Leather Archer Armor
32:37 Bracer
35:28 Conscription
35:53 Elite Blackwood Archer
Connection lost

Rejoining the realm…

Still unreachable

The connection could not be restored.

Session expired

The server has moved on; the page needs a fresh start.